 Dungeon Crawl Stone Soup version 0.28.0-45-g0d030f2227 (webtiles) character file.

Game seed: 9489647540827579720

389 Kangaroobicon the Sneak (level 6, -2/31 HPs)
             Began as a Vine Stalker Brigand on Apr 14, 2022.
             Was a Follower of Elyvilon.
             Succumbed to a scorpion's poison
             ... on level 4 of the Dungeon.
             The game lasted 00:37:11 (3394 turns).

Kangaroobicon the Sneak (Vine Stalker Brigand)      Turns: 3394, Time: 00:37:11

Health: -2/31      AC:  4    Str: 13    XL:     6   Next: 79%
Magic:  3/7        EV: 16    Int: 11    God:    Elyvilon [*.....]
Gold:   117        SH:  0    Dex: 18    Spells: 5/5 levels left

rFire   . . .      SeeInvis .   a - +2 dagger
rCold   . . .      Faith    .   i - orb {*channel}
rNeg    . . .      Spirit   +   w - +0 leather armour
rPois   +          Reflect  .   (no helmet)
rElec   .          Harm     .   c - +0 cloak
rCorr   .          Rampage  .   (no gloves)
Will    .....                   (no boots)
Stlth   ++++......              (no amulet)
HPRegen 0.90/turn               x - +4 ring of evasion
MPRegen 0.10/turn               n - ring of poison resistance

@: lethally poisoned (-2 -> -13)
A: fangs 2, regeneration 1, magic shield, antimagic bite, no potion heal 2
a: Renounce Religion, Purification


You were on level 4 of the Dungeon.
You worshipped Elyvilon.
Elyvilon was aware of your devotion.
You visited 1 branch of the dungeon, and saw 4 of its levels.

You collected 143 gold pieces.
You spent 26 gold pieces at shops.

Inventory:

Hand Weapons
 a - a +2 dagger (weapon)
 d - a +0 hunting sling
Missiles
 e - 2 curare-tipped darts
 f - 79 arrows
 g - 141 stones (quivered)
 k - 7 atropa-tipped darts
 p - 40 sling bullets
 r - 11 poisoned darts
Armour
 b - a +0 robe
 c - a +0 cloak (worn)
 i - an orb of energy (worn)
 v - a +0 kite shield
 w - a +0 leather armour (worn)
Jewellery
 n - a ring of poison resistance (right hand)
 x - a +4 ring of evasion (left hand)
Wands
 s - a wand of mindburst (14)
 u - a wand of flame (29)
Scrolls
 j - a scroll of teleportation
 m - a scroll of fear
 o - a scroll of vulnerability
Potions
 h - a potion of might {unknown}
 l - a potion of lignification
 q - a potion of berserk rage {unknown}
 t - a potion of ambrosia {unknown}


   Skills:
 + Level 2.3 Fighting
 + Level 3.3 Short Blades
 + Level 0.4(1.8) Slings
 + Level 2.9 Throwing
 + Level 2.1 Dodging
 + Level 7.3 Stealth


You had 5 spell levels left.
You didn't know any spells.
Your spell library contained the following spells:

 Spells                   Type           Power      Damage    Failure   Level
 Summon Small Mammal      Summ           0%         N/A       41%         1
 Call Canine Familiar     Summ           0%         N/A       80%         3
 Summon Guardian Golem    Hex/Summ       0%         N/A       80%         3


Dungeon Overview and Level Annotations

Branches:
Dungeon (4/15)
 Temple: D:4-7

Altars:
Ashenzari
Cheibriados
Elyvilon
Ru

Shops:
D:1 ?


Innate Abilities, Weirdness & Mutations

You have extremely sharp teeth.
Your natural rate of healing is unusually fast.
When hurt, damage is shared between your health and your magic reserves.
Your bite disrupts and absorbs the magic of your enemies.
Potions cannot restore your health.


Message History

The scorpion stings you.
You are poisoned.
The scorpion poisons you!
You hit the scorpion.
The scorpion is lightly wounded.
You feel very sick. The scorpion barely misses you.
You hit the scorpion but do no damage.
The scorpion is lightly wounded.
You feel sick. The scorpion barely misses you.
You barely miss the scorpion.
The scorpion is lightly wounded.
You feel sick. The scorpion stings you!
You are more poisoned.
The scorpion poisons you!
You hit the scorpion but do no damage.
The scorpion is lightly wounded.
You feel very sick.
The scorpion stings you but does no damage.
You hit the scorpion but do no damage.
The scorpion is lightly wounded.
* * * LOW HITPOINT WARNING * * *
You feel very sick. The scorpion misses you.
You hit the scorpion. Your bite misses the scorpion.
The scorpion is heavily wounded.
* * * LOW HITPOINT WARNING * * *
You feel very sick. The scorpion closely misses you.
You closely miss the scorpion.
The scorpion is heavily wounded.
* * * LOW HITPOINT WARNING * * *
You feel sick. The scorpion stings you.
* * * LOW HITPOINT WARNING * * *
You are more poisoned.
The scorpion poisons you!
n - a ring of poison resistance (right hand)
* * * LOW HITPOINT WARNING * * *
You feel sick.
You die...

##################
#.................
#.###############.
#######...# #.
........#.# #.
.######@#.# #####.
#.#.# #..... #s#.#
#.#### #.#.# #.#
#.#.# #.# #.#.#
#.# #.#.# #.# #.#
#.# ..# #.#


You could see a scorpion.

Vanquished Creatures
  Sigmund (D:3)
  A hound (D:3)
  Jessica (D:2)
  Ijyb (D:3)
  5 adders
  4 worms
  A dart slug (D:1)
  3 orcs (D:3)
  8 endoplasms
  2 giant cockroaches
  10 goblins
  4 hobgoblins
  10 jackals
  5 kobolds
  3 quokkas
  6 ball pythons
  5 bats
  8 frilled lizards
  7 rats
85 creatures vanquished.

Notes
Turn   | Place    | Note
-------+----------+-------------------------------------------
     0 | D:1      | Kangaroobicon the Vine Stalker Brigand began the quest for
                  | the Orb.
     0 | D:1      | Reached XP level 1. HP: 11/11 MP: 2/2
   657 | D:1      | Reached skill level 5 in Stealth
   659 | D:1      | Reached XP level 2. HP: 9/15 MP: 3/3
  1189 | D:1      | Reached XP level 3. HP: 18/18 MP: 4/4
  1430 | D:1      | Found a faded altar of an unknown god.
  1463 | D:1      | Found Zyhoijuy's Magic Scroll Emporium.
  1471 | D:1      | Bought a scroll of identify for 26 gold pieces
  1678 | D:2      | Noticed Jessica
  1687 | D:2      | Killed Jessica
  1688 | D:2      | Reached skill level 1 in Dodging
  1688 | D:2      | Reached skill level 6 in Stealth
  1688 | D:2      | Gained mutation: Your natural rate of healing is unusually
                  | fast. [Vine Stalker growth]
  1688 | D:2      | Reached XP level 4. HP: 6/23 MP: 1/5
  2388 | D:3      | Noticed Sigmund
  2391 | D:3      | Reached XP level 5. HP: 26/26 MP: 6/6
  2417 | D:3      | Killed Sigmund
  2418 | D:3      | Reached skill level 7 in Stealth
  2418 | D:3      | Reached XP level 6. HP: 18/30 MP: 5/7
  2433 | D:3      | Found a snail-covered altar of Cheibriados.
  2450 | D:3      | Found a broken altar of Ashenzari.
  2456 | D:3      | Found a white marble altar of Elyvilon.
  2464 | D:3      | Became a worshipper of Elyvilon the Healer
  2677 | D:3      | Noticed Ijyb
  2707 | D:3      | Killed Ijyb
  2967 | D:3      | Found a sacrificial altar of Ru.
  2989 | D:3      | Reached * piety under Elyvilon
  3393 | D:4      | HP: 1/31 [poisoned by a scorpion]
  3394 | D:4      | Succumbed to a scorpion's poison

Illustrated notes

Levels and vault maps discovered:
D:1:      minmay_arrival_stair_chambers, layout_basic, serial_shops, shop,
          hellmonk_ecumenical_altar_leap_of_faith
D:2:      layout_basic, uniq_jessica
D:3:      kennysheep_goblin_castle, layout_basic,
          nicolae_ru_sacrificial_ziggurat, minitemple,
          kennysheep_generic_room_6, uniq_sigmund
D:4:      layout_basic

Skill      XL: |  1  2  3  4  5  6 |
---------------+-------------------+-----
Short Blades   | 2 3 |  3.3
Stealth        | 5 6 7 |  7.3
Throwing       | 2 |  2.9
Dodging        | 1 2 |  2.1
Fighting       | 2 |  2.3
Slings         | |  0.4

Action                   |  1- 3 |  4- 6 || total
-------------------------+-------+-------++-------
Melee: Dagger            |    55 |   181 ||   236
       Bite              |     9 |    49 ||    58
 Fire: Hunting sling     |       |    10 ||    10
Throw: Dart              |    25 |    15 ||    40
       Stone             |       |     7 ||     7
       Boomerang         |       |     6 ||     6
  Use: Scroll            |     1 |     4 ||     5
 Stab: Sleeping          |     7 |    11 ||    18
Armor: Robe              |    10 |    32 ||    42
       Leather armour    |       |     5 ||     5
Dodge: Dodged            |    18 |   108 ||   126
